 Dungeon Crawl Stone Soup version 0.32-a0-818-gb728d0252e (webtiles) character file.

Game seed: 11799206059610278332

251 Nvm9 the Covered (level 5, -3/42 HPs)
             Began as a Demonspawn Fighter on Mar 24, 2024.
             Slain by an ogre
             ... wielding a +0 giant club
              (12 damage)
             ... on level 4 of the Dungeon.
             The game lasted 00:04:26 (3044 turns).

Nvm9 the Covered (Demonspawn Fighter)               Turns: 3044, Time: 00:04:27

Health: -3/42      AC: 18    Str: 19    XL:     5   Next: 88%
Magic:  5/5        EV: -1    Int:  8    God:
Gold:   146        SH:  4    Dex: 12    Spells: 4/4 levels left

rFire   . . .        a - +0 war axe (protect)
rCold   . . .        c - +0 buckler
rNeg    . . .        b - +0 scale mail
rPois   .            l - +0 helmet
rElec   .            (no cloak)
rCorr   .            (no gloves)
SInv    .            m - +0 pair of boots
Will    .....        (no amulet) Stlth
                     (no ring)
HPRegen 0.27/turn    (no ring)
MPRegen 0.09/turn

%: no passive effects
@: under a protective aura, constricted
A: slimy green scales 1, ignite blood 1, demonic touch 1
a: no special abilities


You were on level 4 of the Dungeon.
You visited 1 branch of the dungeon, and saw 4 of its levels.

You collected 146 gold pieces.

Inventory:

Hand Weapons
 a - a +0 war axe of protection (weapon)
 p - a +3 mace
Armour
 b - a +0 scale mail (worn)
 c - a +0 buckler (worn)
 l - a +0 helmet (worn)
 m - a +0 pair of boots (worn)
Scrolls
 g - a scroll of butterflies {unknown}
 i - a scroll of immolation
 j - 4 scrolls of brand weapon
 k - a scroll of fear
 n - 3 scrolls of identify
Potions
 d - a potion of might
 e - a potion of enlightenment
 f - a potion of curing
 o - 2 potions of magic {unknown}


   Skills:
 * Level 3.9 Fighting
 * Level 3.0 Axes
 + Level 0.3 Throwing
 * Level 4.2 Armour
 * Level 3.6 Shields


You had 4 spell levels left.
You didn't know any spells.
Your spell library was empty.

Dungeon Overview and Level Annotations

Branches:
Dungeon (4/15)
 Temple: D:4-7

Altars:


Innate Abilities, Weirdness & Mutations

You are partially covered in slimy green scales. (AC +2)
Your demonic aura sometimes causes spilled blood to erupt in flames.
Your touch may inflict minor irresistible damage on your foes.


Message History

You see here a +0 dagger.
j - 5 scrolls labelled XIRIAL SEMIN (gained 2) Key pressed, stopping explore.
Found an escape hatch in the floor.
As you read the scroll labelled XIRIAL SEMIN, it crumbles to dust.
It is a scroll of brand weapon.
Your +0 war axe projects an invisible shield of force!
a - a +0 war axe of protection (weapon)
An ogre comes into view. It is wielding a +0 giant club.
You throw a poisoned dart. The poisoned dart hits the ogre.
The ogre is poisoned.
You throw a poisoned dart. The poisoned dart hits the ogre.
A ball python comes into view.
The ball python hisses angrily.
You barely miss the ogre.
The ogre is moderately wounded.
The ogre hits you with a +0 giant club!
You hit the ogre.
Your weapon exudes an aura of protection.
The ogre is moderately wounded.
You closely miss the ball python. The ball python closely misses you.
The ball python barely misses you. You block the ogre's attack.
The ball python bites you but does no damage.
The ball python grabs you. The ball python constricts you.
Unknown command.
Unknown command.
You slash the ogre!
The ogre is severely wounded.
You closely miss the ball python. You block the ball python's attack.
The ball python constricts you.
The ogre hits you with a +0 giant club!!
* * * LOW HITPOINT WARNING * * *
Unknown command.
Unknown command.
You closely miss the ogre.
The ogre is severely wounded.
You closely miss the ball python.
The ball python bites you but does no damage.
The ball python constricts you. The ogre hits you with a +0 giant club!
You die...

##.††..#.# ...
#........#...>
#..)#.>.....((
##..#......... .### ##
##).##..O#..... .....##.#
#......^.......
(.......#####...#..........
#.............O.#.#####....
........##...@....# ....
#.......#....S....# ...
#.................# .#
#.........<..........
#.................###
........#...........
.###..####........... ##.
....)....... # #.........##


You could see an ogre and a ball python.

Vanquished Creatures
  A bombardier beetle (D:3)
  Jessica (D:2)
  An iguana (D:4)
  Robin (D:2)
  6 adders
  A ribbon worm (D:3)
  3 dart slugs
  3 orcs (D:3)
  5 ball pythons
  11 bats
  6 endoplasms
  5 giant cockroaches
  13 goblins
  8 hobgoblins
  5 jackals
  4 quokkas
  5 frilled lizards
  6 kobolds
  7 rats
92 creatures vanquished.

Notes
Turn   | Place    | Note
-------+----------+-------------------------------------------
     0 | D:1      | Nvm9 the Demonspawn Fighter began the quest for the Orb.
     0 | D:1      | Reached XP level 1. HP: 18/18 MP: 1/1
   166 | D:1      | Gained mutation: You are partially covered in slimy green
                  | scales. (AC +2) [demonic ancestry]
   166 | D:1      | Reached XP level 2. HP: 24/24 MP: 2/2
   187 | D:1      | Reached skill level 3 in Armour
   487 | D:1      | Gained mutation: Your touch may inflict minor irresistible
                  | damage on your foes. [demonic ancestry]
   487 | D:1      | Reached XP level 3. HP: 29/29 MP: 3/3
   786 | D:2      | Noticed Robin
   808 | D:2      | Killed Robin
   946 | D:2      | Reached XP level 4. HP: 17/35 MP: 4/4
  1183 | D:2      | Noticed Jessica
  1188 | D:2      | Killed Jessica
  1192 | D:2      | Found a faded altar of an unknown god.
  1532 | D:2      | Gained mutation: Your demonic aura sometimes causes spilled
                  | blood to erupt in flames. [demonic ancestry]
  1532 | D:2      | Reached XP level 5. HP: 42/42 MP: 5/5
  2122 | D:3      | Reached skill level 4 in Armour
  3028 | D:4      | Noticed an ogre
  3044 | D:4      | Slain by an ogre

Illustrated notes

Levels and vault maps discovered:
D:1:      scummos_arrival_hexagon, layout_loops_ring, minmay_quantized
D:2:      layout_basic, hellmonk_ecumenical_altar_pennies_from_heaven,
          uniq_jessica, uniq_robin
D:3:      layout_loops_ring, chequers_avenue
D:4:      layout_rooms, grunt_temple_overflow_holy_war,
          chequers_serial_rivers_room_a, lightli_minifort, uniq_edmund

Skill      XL: |  1  2  3  4  5 |
---------------+----------------+-----
Axes           | 2 3 |  3.0
Armour         | 3 4 |  4.2
Shields        | 3 |  3.6
Fighting       | |  3.9
Throwing       | |  0.3

Action                     |  1- 3 |  4- 6 || total
---------------------------+-------+-------++-------
  Melee: War axe           |   129 |   134 ||   263
  Throw: Dart              |       |     7 ||     7
    Use: Scroll            |     5 |     1 ||     6
         Potion            |       |     1 ||     1
 Armour: Scale mail        |   130 |   104 ||   234
  Dodge: Dodged            |    50 |    59 ||   109
  Block: Buckler           |    33 |    38 ||    71

Table legend: (Time is in decaauts)
 A = Elapsed time spent in this place.
 B = Non-inter-level travel time spent in this place.
 C = Inter-level travel time spent in this place.
 D = Time resting spent in this place.
 E = Time spent auto-exploring this place.
 F = Levels seen in this place.
 G = Mean time per level.
                   A        B        C        D        E       F      G
               +--------+--------+--------+--------+--------+-----+--------+
         Total |   3155 |   3073 |     82 |    243 |   2154 |   4 |  788.8 |
       Dungeon |   3155 |   3073 |     82 |    243 |   2154 |   4 |  788.8 |
               +--------+--------+--------+--------+--------+-----+--------+

Top non-repeatable levels by time:
     D:2: 1306 daAuts
     D:3: 970 daAuts
     D:1: 821 daAuts
     D:4: 56 daAuts
